Zazza, neutral female human Tourist -- ----# .-- |...#----------- ..| |...................- --.....----..----..-| |.....| --....|....| --..<-- |.........- |...| --........-- |-.-- --.........- |..| --........|... |.-- |....--------... --- --...| - ... --.-- ---- --..^ |.-- --..| -- |..----...--- |..I^I......| --------.|..| ------ Zazza the Rambler Experience level: 1 Strength: 12 Dexterity: 10 Constitution: 17 Intelligence: 12 Wisdom: 7 Charisma: 18 Health: 0(14) Energy: 2(2) Def: 7 Gold: 1969 Moves: 3530 Dungeon seed: g3I-C7IWEZIEF_QL Game ID: Zazza_1619246389 Your Inventory: Coins $ - 1969 gold pieces Weapons a - 31 +2 darts (in quiver) p - 2 +0 daggers (wielded) H - a +0 two-handed sword Armor q - an uncursed +0 Hawaiian shirt (being worn) z - an uncursed +0 elven leather helm (being worn) F - an uncursed +0 elven mithril-coat (being worn) N - an uncursed +0 pair of water walking boots (being worn) Comestibles b - 4 uncursed food rations Potions h - 2 uncursed potions of extra healing Rings L - a blessed +1 ring of gain constitution Tools j - an expensive camera (0:80) m - a cursed expensive camera (0:54) o - a cursed lock pick Spells and supernatural/magical abilities: Name Level Category Fail Memory W - pray for help -- divine ? -- Your skills at the end: Fighting Skills Weapon Skills dart [Basic] Spellcasting Skills Final Attributes: You were stridently aligned. You were poison resistant. You were blinded. You could walk on water. You are dead. Vanquished creatures: a ghost a fog cloud 3 shriekers a gnome lord 3 giant ants a little dog a dwarf a homunculus a giant bat 3 iguanas 4 coyotes a gas spore a hobbit 5 manes 10 giant rats a yellow mold a red mold 4 gnomes 3 gnome zombies 2 geckos 5 jackals 4 foxes a kobold a goblin a sewer rat 7 grid bugs a bat 6 lichens 2 kobold zombies 9 newts 85 creatures vanquished. Voluntary challenges: You never hit with a wielded weapon. You read items or engraved 15 times, starting on turn 33. You never genocided any monsters. You never polymorphed an object. You never changed form. You used no wishes. You never split a pudding. You wrote Elbereth's name 7 times, starting on turn 1339. You never violated your personal moral code. Dungeon overview: The Dungeons of Doom: levels 1 to 7 Level 1 a fountain a long staircase Level 2 a fountain Level 3 an armor shop stairs to The Gnomish Mines Level 4 Level 5 a sink Level 6 many fountains, a sink Level 7 The Gnomish Mines: levels 4 to 5 Level 4 stairs to The Dungeons of Doom Level 5 <- You were here History has recorded: On T:1 you entered the Dungeons of Doom to retrieve the Amulet of Yendor! On T:335 you reached level 2 of The Dungeons of Doom. On T:692 you reached level 3 of The Dungeons of Doom. On T:1213 you reached level 4 of The Dungeons of Doom. On T:1594 you reached level 5 of The Dungeons of Doom. On T:1989 you reached level 6 of The Dungeons of Doom. On T:2360 you reached level 7 of The Dungeons of Doom. On T:3403 you reached level 1 of The Gnomish Mines. On T:3451 you reached level 2 of The Gnomish Mines. Score breakdown: Gold: 1326 (10622 points) Experience: 1 level ( 0 points) Exploration: 7 levels ( 13.73%) (10392 points) Discoveries: 11 items ( 3.69%) ( 5763 points) Valuables value: (no points given unless you survive) Artifact value: 0 ( 0 points) Variety of kills: 30 monsters ( 7.87%) ( 8418 points) Turncount: 3530 turns ( -840 points) Survival: died (score multiplied by 80%) Total score: 27484 Latest messages: The gnome lord turns to flee! Armand picks up a bow. Armand drops a bow. You add to the writing in the dust with your fingers. The gnome lord turns to flee! You can't go up here. Armand bites the gnome. The gnome is killed! You are beginning to feel weak. b - 5 uncursed food rations. That food really hit the spot! You finish eating the food ration. You're already as charismatic as you can get. You hear crashing rock. You are momentarily blinded by a flash of light! You hear some noises. It bites! Wait! There's something there you can't see! It bites! (2x) You die... Final status: Aloha Zazza the Tourist, killed by a giant bat... You died in The Gnomish Mines on dungeon level 5 with 27484 points, and 1969 pieces of gold, after 3530 moves. You were level 1 with a maximum of 14 hit points when you died.